 Dungeon Crawl Stone Soup version 0.20.1-1-g8b1a95d (webtiles) character file.

714 graki42 the Magician (level 7, 0/36 HPs)
             Began as a Deep Elf Fire Elementalist on Aug 13, 2017.
             Killed by divine providence
             ... invoked by an orc priest
              (14 damage)
             ... on level 4 of the Dungeon.
             The game lasted 00:14:22 (2657 turns).

graki42 the Magician (Deep Elf Fire Elementalist)   Turns: 2657, Time: 00:14:23

Health: 0/36       AC:  5    Str:  7    XL:     7   Next: 41%
Magic:  4/19       EV: 13    Int: 20    God:
Gold:   141        SH:  0    Dex: 15    Spells: 8/19 levels left

rFire    . . .     SeeInvis .   r - +2 quarterstaff (chaos)
rCold    . . .     Gourm    .   (shield currently unavailable)
rNeg     . . .     Faith    .   a - +0 robe
rPois    .         Spirit   .   (no helmet)
rElec    .         Reflect  .   q - +2 cloak
rCorr    .         Harm     .   (no gloves)
MR       .....                  (no boots)
Stlth    +++.......             (no amulet)
Regen    0.2/turn               (no ring)
MPRegen  0.2/turn               (no ring)

@: no status effects
A: no striking features
a: no special abilities


You were on level 4 of the Dungeon.
You were not hungry.

You visited 1 branch of the dungeon, and saw 4 of its levels.

You collected 141 gold pieces.

Inventory:

Hand Weapons
 r - a +2 quarterstaff of chaos (weapon)
Missiles
 g - 95 stones (quivered)
Armour
 a - a +0 robe (worn)
 q - a +2 cloak (worn)
Scrolls
 e - a scroll of immolation
 h - 2 scrolls of teleportation
 j - a scroll of identify
 p - a scroll of recharging {unknown}
 t - a scroll of magic mapping {unknown}
 v - a scroll of remove curse
Potions
 f - a potion of curing {unknown}
 i - 2 potions of agility {unknown}
 k - a potion of might
 l - a potion of heal wounds {unknown}
 n - a potion of invisibility
 o - 2 potions of haste
 s - a potion of berserk rage {unknown}
Books
 b - a book of Flames

   Spells                             Type                      Level
   a - Flame Tongue                   Conjuration/Fire             1
   b - Throw Flame                    Conjuration/Fire             2
   c - Conjure Flame                  Conjuration/Fire             3
   d - Inner Flame                    Hexes/Fire                   3
   e - Sticky Flame                   Conjuration/Fire             4
   f - Fireball                       Conjuration/Fire             5
Comestibles
 c - 2 bread rations
 d - 2 meat rations
 m - 2 royal jellies


   Skills:
 + Level 0.2 Fighting
 + Level 0.6 Staves
 + Level 3.0 Dodging
 + Level 4.1 Stealth
 + Level 6.7 Spellcasting
 + Level 3.9 Conjurations
 + Level 1.0 Hexes
 + Level 5.9 Fire Magic


You had 8 spell levels left.
You knew the following spells:

 Your Spells              Type           Power        Failure   Level  Hunger
a - Flame Tongue          Conj/Fire      ####.        1%          1    None
b - Conjure Flame         Conj/Fire      ####....     3%          3    #......
c - Inner Flame           Hex/Fire       ###.....     7%          3    #......
d - Sticky Flame          Conj/Fire      ####....     12%         4    ###....


Dungeon Overview and Level Annotations

Branches:
Dungeon (4/15)
 Temple: D:4-7

Altars:
Gozag
Nemelex Xobeh
Xom


Message History

Confirm with . or Enter, or press ? or * to list all spells.
Aiming: Flame Tongue
Press: ? - help, Shift-Dir - straight line, f - Natasha
Aim: Natasha (hasn't noticed you)
The flame tongue hits Natasha.
Natasha is almost dead.
The orc priest shouts!
Casting: Flame Tongue
Confirm with . or Enter, or press ? or * to list all spells.
Aiming: Flame Tongue
Press: ? - help, Shift-Dir - straight line, f/p - Natasha
Aim: Natasha (almost dead)
The flame tongue hits Natasha.
You kill Natasha!
You feel Natasha's spirit has finally been put to rest.
Your Dodging skill increases to level 3!
Your Hexes skill increases to level 1!
The orc priest mumbles some strange prayers to Beogh against you.
Beogh smites you!
You die...

#..........# ##....#
#..........# .....#
##...##.o..# ....#
#...###'### #...#
#...##..## ###...#
..........########.')†.#
...........#........#...#
......##..#######.[##.<.#
#... #..##..@##..##...#
##...##...........#....#
+.[...............#....#
#....##..##...###+##...#
#... #o.###### ##...#
#...##.....# #....#
#......⌠.⌠.# #....#
#......._..# #....#
#......⌠.⌠## #....#


You could see an orc priest.

Vanquished Creatures
  Sigmund (D:4)
  Edmund (D:4)
  An orc wizard (D:4)
  An orc priest (D:4)
  Crazy Yiuf (D:2)
  Natasha (thrice) (D:4)
  A worker ant (D:4)
  14 gnolls
  7 adders
  An ooze (D:2)
  5 worms
  2 dart slugs
  2 leopard geckos (D:1)
  2 orcs (D:4)
  5 bats
  4 giant cockroaches
  6 goblins
  4 hobgoblins
  A quokka (D:3)
  4 ball pythons
  3 frilled lizards
  6 kobolds
  A quokka skeleton (D:3)
  5 rats
81 creatures vanquished.

Vanquished Creatures (others)
  A plant (D:3)
1 creature vanquished.

Grand Total: 82 creatures vanquished

Notes
Turn   | Place    | Note
-------+----------+-------------------------------------------
     0 | D:1      | graki42 the Deep Elf Fire Elementalist began the quest for the Orb.
     0 | D:1      | Reached XP level 1. HP: 10/10 MP: 6/6
   204 | D:1      | Reached XP level 2. HP: 15/15 MP: 2/8
   657 | D:2      | Found an opulent altar of Gozag.
   676 | D:2      | Reached XP level 3. HP: 18/19 MP: 5/9
   681 | D:2      | Learned a level 3 spell: Conjure Flame
   685 | D:2      | Learned a level 3 spell: Inner Flame
   759 | D:2      | Reached XP level 4. HP: 24/24 MP: 0/11
   794 | D:2      | Reached skill level 4 in Spellcasting
   968 | D:2      | Found a runed door.
   972 | D:2      | Noticed Crazy Yiuf
   976 | D:2      | Killed Crazy Yiuf
  1204 | D:2      | Reached XP level 5. HP: 26/28 MP: 7/13
  1210 | D:2      | Learned a level 4 spell: Sticky Flame
  1571 | D:3      | Found a shimmering altar of Xom.
  1652 | D:3      | Reached skill level 5 in Fire Magic
  2168 | D:3      | Reached skill level 5 in Spellcasting
  2179 | D:4      | Noticed Edmund
  2231 | D:4      | Killed Edmund
  2231 | D:4      | Reached XP level 6. HP: 32/32 MP: 0/16
  2344 | D:4      | Noticed Sigmund
  2350 | D:4      | Killed Sigmund
  2350 | D:4      | Reached XP level 7. HP: 36/36 MP: 13/17
  2371 | D:4      | Found a sparkling altar of Nemelex Xobeh.
  2374 | D:4      | Noticed Natasha
  2377 | D:4      | Killed Natasha
  2377 | D:4      | Reached skill level 6 in Spellcasting
  2536 | D:4      | Noticed Natasha
  2541 | D:4      | Killed Natasha
  2653 | D:4      | Noticed Natasha
  2655 | D:4      | Killed Natasha
  2655 | D:4      | Reached skill level 1 in Hexes
  2657 | D:4      | Killed from afar by an orc priest

Skill      XL: |  1  2  3  4  5  6  7 |
---------------+----------------------+-----
Stealth        | 3 4 |  4.1
Fire Magic     | 4 5 |  5.9
Conjurations   | 2 3 |  3.9
Spellcasting   | 4 5 6 |  6.7
Dodging        | 3 |  3.0
Hexes          | 1 |  1.0
Fighting       | |  0.2
Staves         | |  0.6

Action                   |  1- 3 |  4- 6 |  7- 9 || total
-------------------------+-------+-------+-------++-------
Melee: Quarterstaff      |       |     3 |       ||     3
 Cast: Flame Tongue      |    46 |   102 |    23 ||   171
       Conjure Flame     |     1 |     4 |     3 ||     8
       Inner Flame       |     1 |     2 |     3 ||     6
       Sticky Flame      |       |     1 |     2 ||     3
  Use: Scroll            |       |     7 |       ||     7
  Eat: Chunk             |       |     5 |     1 ||     6
Armor: Robe              |     1 |     6 |     3 ||    10
Dodge: Dodged            |    12 |    23 |     2 ||    37
